[Event "Team 45 45 League T67"]
[Site "Internet Chess Club"]
[Date "2016.01.03"]
[Round "4"]
[White "Bluecat"]
[Black "room-matt"]
[Result "1-0"]
[WhiteElo "1857"]
[BlackElo "1840"]
[Opening "KGA: Fischer defense"]
[ECO "C34"]
[Time "13:01:56"]
[TimeControl "2700+45"]

1. e4 e5 2. f4 exf4 3. Nf3 d6 4. d4 g5 5. Bc4 g4 6. O-O gxf3 7. Qxf3 Nf6 8. Qxf4
Bg7 9. e5 Nbd7 10. exf6 Nxf6 11. Re1+ Kf8 12. Nc3 Rg8 13. Ne4 d5 14. Nxf6 Bxf6
15. Bd3 Rg4 16. Qh6+ Bg7 17. Qxh7 Rh4 18. Re8+ Kxe8 19. Qg8+ Bf8 20. Bg5 Qd6 21.
Bxh4 Be6 22. Re1 Kd7 23. Qh7 Qf4 24. c3 Re8 25. Bg3 Qg5 26. Rxe6 Kxe6 27. Qh3+
f5 28. Bxc7 Qc1+ 29. Kf2 Qxb2+ 30. Kf3 Qxc3 31. Qxf5+ Ke7 32. Qh7+ Ke6 33. Be5
Bb4 34. Kg4 Rf8 35. Bf5+ Rxf5 36. Qxf5+ Ke7 37. Qf6+ Kd7 38. Qf7+ Be7 39. Bf6
Qe3 40. Qxe7+ Qxe7 41. Bxe7 Kxe7 42. Kf5 Kd6 43. h4 b5 44. h5 Ke7 45. Kg6 Kf8
46. h6 Kg8 47. g4 a5 48. g5 a4 49. h7+ Kh8 50. Kh6 {Black resigns} 1-0

[Event "Team 45 45 League T67"]
[Site "Internet Chess Club"]
[Date "2015.12.26"]
[Round "4"]
[White "xt"]
[Black "roji"]
[Result "1-0"]
[WhiteElo "1798"]
[BlackElo "1807"]
[Opening "Robatsch (modern) defense"]
[ECO "B06"]
[Time "19:26:05"]
[TimeControl "2700+45"]

1. e4 g6 2. d4 Bg7 3. Nf3 a6 4. Nc3 b5 5. a4 b4 6. Nd5 a5 7. Bd3 Bb7 8. c3 Bxd5
9. exd5 Nf6 10. Qb3 O-O 11. O-O c6 12. dxc6 bxc3 13. cxd7 cxb2 14. Bxb2 Qxd7 15.
Ne5 Qe8 16. Rfe1 Nfd7 17. Bb5 Ra7 18. Ba3 Bf6 19. Ng4 Bxd4 20. Rad1 Bc5 21. Bxc5
Nxc5 22. Qc3 Qc8 23. Nh6# {Black checkmated} 1-0

[Event "Team 45 45 League T67"]
[Site "Internet Chess Club"]
[Date "2015.12.29"]
[Round "4"]
[White "drbishop"]
[Black "zap2"]
[Result "1-0"]
[WhiteElo "1784"]
[BlackElo "1774"]
[Opening "Queen's Indian: Petrosian system"]
[ECO "E12"]
[Time "05:07:06"]
[TimeControl "2700+45"]

1. d4 Nf6 2. c4 e6 3. Nf3 b6 4. a3 Ba6 5. Qc2 Bb7 6. Nc3 d6 7. e4 Nbd7 8. Bd3 c5
9. d5 Be7 10. O-O O-O 11. dxe6 fxe6 12. Ng5 e5 13. Ne6 Qe8 14. Nxf8 Nxf8 15. Bg5
Ne6 16. Bxf6 gxf6 17. Ne2 Qg6 18. g3 h5 19. f4 Qg7 20. Rf2 Kh8 21. Raf1 Rg8 22.
fxe5 dxe5 23. Rf5 Ng5 24. h4 Nh3+ 25. Kh2 Qg4 26. Qd2 Kh7 27. Qe3 Bc8 28. Qf3
Bxf5 29. Qxf5+ Kh6 30. Qxg4 hxg4 31. Nc3 a6 32. Nd5 Bd8 33. Nxf6 Bxf6 34. Rxf6+
Rg6 35. Rxg6+ Kxg6 36. Kg2 a5 37. Be2 Kh5 38. Bd1 Ng5 39. hxg5 Kxg5 40. Kf2 Kh5
41. Ke3 Kg5 42. Kd3 Kf6 43. Kc3 Ke7 44. Bxg4 Kd6 45. Kb3 Kc7 46. Ka4 Kc6 47. Be6
Kd6 48. Bd5 Ke7 49. Kb5 Kf6 50. Kxb6 Kg5 51. Kxc5 Kg4 52. Kb5 Kxg3 53. Kxa5 Kf4
54. c5 {Black resigns} 1-0

[Event "Team 45 45 League T67"]
[Site "Internet Chess Club"]
[Date "2016.01.04"]
[Round "4"]
[White "Goli"]
[Black "QuieroAprender"]
[Result "1/2-1/2"]
[WhiteElo "1677"]
[BlackElo "1681"]
[Opening "Ruy Lopez: Cozio defense"]
[ECO "C60"]
[Time "18:30:13"]
[TimeControl "2700+45"]

1. e4 e5 2. Nf3 Nc6 3. Bb5 Nge7 4. O-O g6 5. d4 exd4 6. Nxd4 Bg7 7. Bxc6 Nxc6 8.
Nxc6 dxc6 9. Qxd8+ Kxd8 10. Bg5+ f6 11. Bf4 g5 12. Bg3 Be6 13. c3 h5 14. h4 gxh4
15. Bxh4 Ke7 16. Nd2 Kf7 17. Nf3 Rad8 18. Nd4 c5 19. Nb5 c6 20. Na3 Rd2 21. b3
b5 22. f3 Rhd8 23. Be1 Rd1 24. Bf2 Rxa1 25. Rxa1 f5 26. exf5 Bxf5 27. Rc1 Bh6
28. Re1 Bd2 29. Re5 Bg6 30. Bxc5 Bxc3 31. Re7+ Kf6 32. Rxa7 Rd1+ 33. Kf2 Rd2+
34. Kg1 Rd1+ 35. Kf2 Rd2+ 36. Ke3 Rd3+ 37. Kf2 Rd2+ 38. Ke3 Rd3+ 39. Kf2 Rd2+
{Game drawn by repetition} 1/2-1/2

[Event "Team 45 45 League T67"]
[Site "Internet Chess Club"]
[Date "2015.12.28"]
[Round "4"]
[White "jonesey"]
[Black "MikeTtheGuru"]
[Result "1-0"]
[WhiteElo "2001"]
[BlackElo "2039"]
[Opening "Caro-Kann: Panov-Botvinnik attack, 5...e6"]
[ECO "B14"]
[Time "15:02:12"]
[TimeControl "2700+45"]

1. e4 c6 2. d4 d5 3. exd5 cxd5 4. c4 Nf6 5. Nc3 e6 6. Nf3 Bb4 7. cxd5 Nxd5 8.
Bd2 Nc6 9. Bd3 O-O 10. O-O h6 11. Qe2 Nf6 12. Rfd1 b6 13. Ne4 Be7 14. Nxf6+ Bxf6
15. Qe4 {Black resigns} 1-0

[Event "Team 45 45 League T67"]
[Site "Internet Chess Club"]
[Date "2015.12.27"]
[Round "4"]
[White "jjimalo"]
[Black "fledermaus"]
[Result "1/2-1/2"]
[WhiteElo "1845"]
[BlackElo "1863"]
[Opening "Sicilian: Anderssen variation"]
[ECO "B41"]
[Time "12:05:30"]
[TimeControl "2700+45"]

1. e4 c5 2. Nf3 e6 3. d4 cxd4 4. Nxd4 Nf6 5. Bd3 Nc6 6. Nxc6 dxc6 7. O-O e5 8.
Bg5 Be7 9. c4 Be6 10. Nc3 Nxe4 11. Bxe7 Nxc3 12. Qc2 Qxe7 13. Qxc3 f6 14. Rae1
O-O 15. f4 exf4 16. Rxf4 Qc5+ 17. Kh1 Rae8 18. Rh4 Bf5 19. Rf1 Bxd3 20. Qxd3 f5
21. Rd4 Re7 22. h3 g6 23. b3 Rfe8 24. Rd8 Qe3 25. Rxe8+ Rxe8 26. Qd7 Qe7 27. Rd1
Kf7 28. Qd4 a6 29. Qf4 Qe2 30. Qc7+ Re7 31. Rd7 Qd1+ 32. Rxd1 Rxc7 33. Kg1 Re7
34. Kf2 Ke6 35. Kf3 Rd7 36. Rxd7 Kxd7 37. Kf4 Ke6 38. Kg5 c5 {Game drawn by
mutual agreement} 1/2-1/2

[Event "Team 45 45 League T67"]
[Site "Internet Chess Club"]
[Date "2015.12.27"]
[Round "4"]
[White "Invicta-Knight"]
[Black "elmaestro"]
[Result "0-1"]
[WhiteElo "1595"]
[BlackElo "1741"]
[Opening "Sicilian: closed"]
[ECO "B23"]
[Time "09:13:29"]
[TimeControl "2700+45"]

1. e4 c5 2. Nc3 d6 3. f4 g6 4. Nf3 Bg7 5. Bc4 e6 6. a3 a6 7. O-O Ne7 8. Qe1 b5
9. Ba2 Nbc6 10. d3 O-O 11. f5 exf5 12. exf5 Bxf5 13. Nh4 Qd7 14. Nd5 Nxd5 15.
Bxd5 Rae8 16. Qg3 Nd4 17. Rf2 Re1+ {White resigns} 0-1

[Event "Team 45 45 League T67"]
[Site "Internet Chess Club"]
[Date "2015.12.29"]
[Round "4"]
[White "SAC2001"]
[Black "fkramer"]
[Result "1/2-1/2"]
[WhiteElo "1898"]
[BlackElo "1775"]
[Opening "French: Fort Knox variation"]
[ECO "C03"]
[Time "21:30:38"]
[TimeControl "2700+45"]

1. e4 e6 2. d4 d5 3. Nd2 dxe4 4. Nxe4 Bd7 5. Nf3 Bc6 6. Bd3 Nd7 7. O-O Ngf6 8.
Nxf6+ Nxf6 9. c3 Bxf3 10. Qxf3 c6 11. Bf4 Bd6 12. Rad1 Bxf4 13. Qxf4 O-O 14.
Rfe1 Nd5 15. Qg3 Qf6 16. Re5 g6 17. a3 Rad8 18. Be4 Rfe8 19. Bxd5 Rxd5 20. Rxd5
exd5 21. Qd3 Re6 22. Qd2 Qe7 23. Kf1 Qd6 24. g3 Qe7 25. Re1 Rxe1+ 26. Qxe1 Qxe1+
27. Kxe1 f5 28. Ke2 Kf7 29. Kf3 Ke6 30. Kf4 h6 31. h4 Kf6 32. f3 g5+ 33. hxg5+
hxg5+ 34. Ke3 b5 35. b4 a6 36. Kd3 Ke6 37. Ke3 {Game drawn by mutual agreement}
1/2-1/2

[Event "Team 45 45 League T67"]
[Site "Internet Chess Club"]
[Date "2015.12.30"]
[Round "4"]
[White "cayo89"]
[Black "AH2012"]
[Result "1-0"]
[WhiteElo "1645"]
[BlackElo "1724"]
[Opening "Scotch gambit: Dubois-Réti defense"]
[ECO "C55"]
[Time "13:51:44"]
[TimeControl "2700+45"]

1. e4 e5 2. Nf3 Nc6 3. d4 exd4 4. Bc4 Nf6 5. e5 d5 6. Bb5 Ne4 7. Qxd4 Bc5 8.
Bxc6+ bxc6 9. Qa4 Bxf2+ 10. Ke2 Bd7 11. Rf1 Bb6 12. e6 fxe6 13. Ne5 c5 14. Qxd7+
Qxd7 15. Nxd7 Kxd7 16. Rf7+ Kd6 17. Nd2 Nxd2 18. Bxd2 Rhg8 19. Raf1 Rae8 20.
Bf4+ Kc6 21. Be5 c4 22. c3 a6 23. h3 a5 24. a4 Rc8 25. g4 Kc5 26. Re7 Rce8 27.
Rff7 Kc6 28. Rxg7 Rxg7 29. Rxe8 Kd7 30. Rh8 Rf7 31. Bd4 e5 32. Bxb6 cxb6 33. h4
d4 34. cxd4 exd4 35. g5 d3+ 36. Ke1 Kc6 37. Rc8+ Rc7 38. Rxc7+ Kxc7 39. h5 Kd6
40. g6 hxg6 41. h6 Kc5 42. h7 Kb4 43. Kd2 Kb3 44. h8=Q Kxa4 45. Qg7 b5 46. Qxg6
Kb3 47. Qf6 b4 48. Qd4 a4 49. Kc1 a3 50. bxa3 bxa3 51. Qb6+ Kc3 52. Qa5+ Kb3 53.
Qb5+ Kc3 54. Qa4 d2+ 55. Kb1 Kd3 56. Qxa3+ Ke2 57. Qe7+ Kd3 58. Qd6+ Ke2 59. Kc2
c3 60. Qe5+ Kf1 61. Kd1 Kf2 62. Qxc3 Kf1 63. Qxd2 Kg1 64. Qe2 Kh1 65. Kd2 Kg1
66. Ke3 Kh1 67. Kf3 Kg1 68. Qg2# {Black checkmated} 1-0

[Event "Team 45 45 League T67"]
[Site "Internet Chess Club"]
[Date "2015.12.26"]
[Round "4"]
[White "anishio"]
[Black "Yedixon"]
[Result "1-0"]
[WhiteElo "1749"]
[BlackElo "1646"]
[Opening "Petrov: Nimzovich attack"]
[ECO "C42"]
[Time "11:00:29"]
[TimeControl "2700+45"]

1. e4 e5 2. Nf3 Nf6 3. Nxe5 d6 4. Nf3 Nxe4 5. Nc3 Nxc3 6. dxc3 Be7 7. Be3 Nc6 8.
Qd2 O-O 9. Bc4 Bg4 10. Nd4 Ne5 11. Bb3 c5 12. Ne2 c4 13. f4 Bh4+ 14. Kd1 cxb3
15. fxe5 dxe5 16. cxb3 Qf6 17. Kc1 Rfd8 18. Qc2 Bf5 19. Rf1 Bxc2 20. Rxf6 Bxf6
21. Kxc2 b6 22. b4 Rd7 23. a4 Rad8 24. Re1 Rd3 25. Nc1 R3d7 26. Nb3 Be7 27. a5
b5 28. Nc5 Rc7 29. Bf2 Bxc5 30. Bxc5 f6 31. b3 Rcd7 32. Re2 a6 33. Bb6 Rc8 34.
Bc5 Rd5 35. g3 Kf7 36. c4 bxc4 37. bxc4 Rdxc5 38. bxc5 Rxc5 39. Kb3 Rxa5 40. Kb4
Ra1 41. Kc5 a5 42. Kb6 a4 43. c5 a3 44. c6 Rb1+ 45. Ka5 Rb2 46. Rxb2 axb2 47. c7
b1=Q 48. c8=Q Qa2+ 49. Kb4 Qxh2 50. Qd7+ Kg6 51. Qg4+ Kh6 52. Kc3 Qh5 53. Qe4
Qg5 54. g4 Qc1+ 55. Kb3 Qf4 56. Qh1+ Kg6 57. Qh5# {Black checkmated} 1-0

[Event "Team 45 45 League T67"]
[Site "Internet Chess Club"]
[Date "2015.12.27"]
[Round "4"]
[White "Schachteufel"]
[Black "LN09102Q"]
[Result "0-1"]
[WhiteElo "1651"]
[BlackElo "1657"]
[Opening "Ruy Lopez: 5.O-O"]
[ECO "C78"]
[Time "10:00:24"]
[TimeControl "2700+45"]

1. e4 e5 2. Nf3 Nc6 3. Bb5 a6 4. Ba4 Nf6 5. O-O b5 6. Bb3 Bc5 7. c3 d6 8. d4 Bb6
9. dxe5 Nxe5 10. Nxe5 dxe5 11. Qxd8+ Kxd8 12. Bxf7 Nxe4 13. Bd5 Nxf2 14. Bxa8
Rf8 15. Bg5+ Ke8 16. Bc6+ Bd7 17. Bxd7+ Kxd7 18. Rxf2 Rxf2 19. h4 h6 20. Bc1
Rc2+ 21. Kh2 Rxc1 22. b3 e4 {White resigns} 0-1

[Event "Team 45 45 League T67"]
[Site "Internet Chess Club"]
[Date "2015.12.27"]
[Round "4"]
[White "frontier"]
[Black "Percival"]
[Result "0-1"]
[WhiteElo "1963"]
[BlackElo "2033"]
[Opening "QGD Slav: Dutch variation, main line"]
[ECO "D19"]
[Time "20:00:34"]
[TimeControl "2700+45"]

1. c4 c6 2. Nf3 d5 3. d4 Nf6 4. Nc3 dxc4 5. a4 Bf5 6. e3 e6 7. Bxc4 Bb4 8. O-O
O-O 9. Qe2 Bg6 10. Ne5 Nbd7 11. f4 Nxe5 12. fxe5 Ne4 13. Nxe4 Bxe4 14. Bd3 Bxd3
15. Qxd3 c5 16. Bd2 Bxd2 17. Qxd2 Qd5 18. Rad1 Rad8 19. Rf4 Rd7 20. Qf2 Qxe5 21.
Rc1 cxd4 22. exd4 Qa5 23. h4 Qxa4 24. d5 Qa6 25. dxe6 Qxe6 26. Qxa7 Re8 27. Qf2
f6 28. Rfc4 h6 29. Rc7 Rxc7 30. Rxc7 Qe1+ 31. Qxe1 Rxe1+ 32. Kf2 Re4 33. Rxb7
Rxh4 34. b4 h5 35. b5 Rb4 36. b6 Kh7 37. g3 Rb3 38. Rb8 Kg6 39. Kg2 Kg5 40. Rg8
g6 41. Rb8 Kg4 42. b7 g5 43. Kf2 Rb2+ 44. Ke3 Kxg3 45. Rf8 Rxb7 46. Rxf6 Re7+
{White resigns} 0-1

[Event "Team 45 45 League T67"]
[Site "Internet Chess Club"]
[Date "2015.12.30"]
[Round "4"]
[White "GreyWarden"]
[Black "HumanTornado"]
[Result "1-0"]
[WhiteElo "1991"]
[BlackElo "1895"]
[Opening "Sicilian defense"]
[ECO "B30"]
[Time "16:00:19"]
[TimeControl "2700+45"]

1. e4 c5 2. Nf3 Nc6 3. d3 e6 4. g3 Be7 5. Bg2 h5 6. h4 Nh6 7. e5 Ng4 8. Qe2 d6
9. exd6 Qxd6 10. Nc3 e5 11. O-O Be6 12. Ne4 Qd7 13. Be3 Nxe3 14. Qxe3 Nd4 15.
Rac1 f6 16. c3 Nf5 17. Qe2 Rc8 18. Rcd1 O-O 19. Rfe1 Bf7 20. Bh3 Be6 21. d4 cxd4
22. cxd4 Bc4 23. Qd2 Nxh4 24. Bxd7 Nxf3+ 25. Kg2 Nxd2 26. Rxd2 Rc7 27. dxe5 fxe5
28. Rc1 Bb4 29. Rxc4 Rxc4 30. Be6+ Kh7 31. Bxc4 Bxd2 32. Nxd2 Rd8 33. Nf3 e4 34.
Ng5+ Kg6 35. Nxe4 Rd4 36. Bb3 Kf5 37. f3 Ke5 38. Kf2 Rd8 39. Ke3 b6 40. Ng5 Kf6
41. f4 Rd7 42. Ba4 Re7+ 43. Kf2 Kf5 44. Bc2+ Kg4 45. Bd1+ Kf5 46. Bxh5 Rd7 47.
Nf3 g6 48. Bxg6+ {Black resigns} 1-0

[Event "Team 45 45 League T67"]
[Site "Internet Chess Club"]
[Date "2015.12.28"]
[Round "4"]
[White "kidcobra"]
[Black "tightfist"]
[Result "1/2-1/2"]
[WhiteElo "1860"]
[BlackElo "1711"]
[Opening "French: Tarrasch, open variation"]
[ECO "C07"]
[Time "20:02:32"]
[TimeControl "2700+45"]

1. e4 e6 2. d4 d5 3. Nd2 c5 4. exd5 Qxd5 5. Ngf3 cxd4 6. Bc4 Qc5 7. Qe2 Nc6 8.
Nb3 Qb6 9. Bf4 Bb4+ 10. Kf1 Nf6 11. Rd1 O-O 12. g3 Rd8 13. Kg2 Na5 14. Rxd4 Rxd4
15. Nfxd4 Nxc4 16. Qxc4 Nd5 17. Be3 Nxe3+ 18. fxe3 Bd7 19. c3 Be7 20. Rd1 Rc8
21. Qd3 Ba4 22. Kf2 Rd8 23. Qe2 g6 24. Rd2 e5 25. Nf3 Bxb3 26. axb3 Bf6 27.
Rxd8+ Qxd8 28. Qb5 Qe7 29. Qd5 Kf8 30. Nd2 Bh8 31. Ne4 f5 32. Nd6 Qd7 33. Qc5 b6
34. Qc8+ Qxc8 35. Nxc8 a5 36. Nxb6 Ke7 37. Nc4 e4 38. Nxa5 Kd6 39. Nc4+ Kc5 40.
g4 Bf6 41. Kg3 h6 42. gxf5 gxf5 43. Kf4 Kd5 44. Kxf5 Bg5 45. h3 Bh4 46. Nd2 Bg5
47. Nxe4 Bxe3 48. Nf6+ Kc6 49. Ng4 Bc1 50. Kg6 Bxb2 51. c4 Kc5 52. Kxh6 Kb4 53.
Kg6 Kxb3 54. h4 Kxc4 55. h5 Kd5 56. h6 Ke6 57. h7 Bh8 58. Nh6 Ke7 59. Ng8+ Ke6
60. Nh6 Ke7 61. Nf5+ Kf8 62. Nd6 Bb2 63. Ne4 Ke7 64. Ng3 Kf8 65. Ne4 Ke7 66. Ng3
Bh8 67. Ne4 Bb2 {Game drawn by repetition} 1/2-1/2

[Event "Team 45 45 League T67"]
[Site "Internet Chess Club"]
[Date "2016.01.02"]
[Round "4"]
[White "jjmolina"]
[Black "junard"]
[Result "1/2-1/2"]
[WhiteElo "1811"]
[BlackElo "1985"]
[Opening "Sicilian: Najdorf, Byrne (English) attack"]
[ECO "B90"]
[Time "03:10:02"]
[TimeControl "2700+45"]

1. e4 c5 2. Nf3 d6 3. d4 cxd4 4. Nxd4 Nf6 5. Nc3 a6 6. Be3 e6 7. f3 b5 8. Qd2
Nbd7 9. g4 h6 10. O-O-O Bb7 11. h4 b4 12. Na4 Qa5 13. b3 Nc5 14. a3 Nxa4 15.
axb4 Qc7 16. bxa4 d5 17. e5 Nd7 18. f4 Nb6 {Game drawn by mutual agreement}
1/2-1/2

[Event "Team 45 45 League T67"]
[Site "Internet Chess Club"]
[Date "2015.12.23"]
[Round "4"]
[White "CaptK"]
[Black "Berke"]
[Result "1-0"]
[WhiteElo "1865"]
[BlackElo "1583"]
[Opening "Dutch"]
[ECO "A80"]
[Time "16:00:33"]
[TimeControl "2700+45"]

1. d4 f5 2. Nf3 Nf6 3. c4 e6 4. Nc3 Be7 5. g3 O-O 6. Bg2 d6 7. e3 a5 8. a3 Qe8
9. Nb5 Bd8 10. b3 Nbd7 11. Bb2 Ne4 12. b4 Ndf6 13. Nd2 axb4 14. axb4 Rxa1 15.
Bxa1 Bd7 16. Nxe4 Nxe4 17. Nc3 Qf7 18. Qc2 Nf6 19. O-O c6 20. b5 e5 21. bxc6
bxc6 22. c5 exd4 23. exd4 d5 24. Bb2 Ne4 25. f3 Nf6 26. Bc1 Qh5 27. Bf4 g5 28.
Be5 g4 29. f4 Ne4 30. Bxe4 dxe4 31. d5 Qf7 32. d6 Qc4 33. Qa2 Be6 34. Qxc4 Bxc4
35. Ra1 e3 36. Ra7 Rf7 37. Ra8 Rf8 38. Na4 h5 39. d7 Kf7 40. Bd6 Rg8 41. Nb6 Bd3
42. Ra3 e2 43. Kf2 Bb5 44. Ra8 Ke6 45. Ra3 Bxb6 46. cxb6 Kxd6 47. b7 Kc7 48. Ra8
{Black resigns} 1-0

[Event "Team 45 45 League T67"]
[Site "Internet Chess Club"]
[Date "2016.01.02"]
[Round "4"]
[White "SlimeDog2"]
[Black "Jack-ONeill"]
[Result "0-1"]
[WhiteElo "2016"]
[BlackElo "2026"]
[Opening "QGD: Tartakower (Makagonov-Bondarevsky) system"]
[ECO "D58"]
[Time "14:04:11"]
[TimeControl "2700+45"]

1. d4 d5 2. c4 e6 3. Nf3 Nf6 4. Nc3 Be7 5. Bg5 O-O 6. e3 h6 7. Bh4 b6 8. Be2 Bb7
9. Bxf6 Bxf6 10. cxd5 exd5 11. b4 c6 12. O-O a5 13. b5 c5 14. Ne5 cxd4 15. exd4
Bxe5 16. dxe5 d4 17. Na4 Qg5 18. Bg4 Qxe5 19. Nxb6 Ra7 20. a4 Qd6 21. Nc4 Qd5
{White resigns} 0-1

[Event "Team 45 45 League T67"]
[Site "Internet Chess Club"]
[Date "2015.12.27"]
[Round "4"]
[White "Ptzz"]
[Black "cysk"]
[Result "1-0"]
[WhiteElo "2039"]
[BlackElo "1807"]
[Opening "English: symmetrical variation"]
[ECO "A33"]
[Time "10:19:30"]
[TimeControl "2700+45"]

1. c4 c5 2. Nf3 Nf6 3. Nc3 Nc6 4. d4 cxd4 5. Nxd4 e6 6. Ndb5 d5 7. Bf4 e5 8.
cxd5 exf4 9. dxc6 Qb6 10. Qd4 Qxd4 11. Nxd4 bxc6 12. Nxc6 Bb7 13. Na5 Be4 14. e3
Bb4 15. Bb5+ Ke7 16. Nb3 fxe3 17. f3 a6 18. Be2 Bg6 19. O-O Rhd8 20. Rac1 Kf8
21. Rfd1 a5 22. Nd4 Rac8 23. Bb5 Bc5 24. Nce2 Bb6 25. Nc6 Rd2 26. g4 Rxb2 27.
Ncd4 Rd8 28. a4 Rd2 29. g5 Nh5 30. Kf1 h6 31. Ke1 hxg5 32. Nc6 Rxd1+ 33. Rxd1
Rxd1+ 34. Kxd1 Nf4 35. Ne5 Bf5 36. Bd7 Ke7 37. Bxf5 g6 38. Bc2 Bc7 39. Ng4 f5
40. Nxe3 Bb6 41. Nxf4 gxf4 42. Nd5+ {Black resigns} 1-0

[Event "Team 45 45 League T67"]
[Site "Internet Chess Club"]
[Date "2015.12.30"]
[Round "4"]
[White "sockbuf"]
[Black "Holgate"]
[Result "1/2-1/2"]
[WhiteElo "1777"]
[BlackElo "2021"]
[Opening "Grünfeld defense"]
[ECO "D80"]
[Time "15:06:40"]
[TimeControl "2700+45"]

1. d4 Nf6 2. c4 g6 3. Nc3 d5 4. e3 Bg7 5. Qb3 e6 6. Qa3 Nc6 7. Nf3 Ne7 8. Be2
O-O 9. O-O b6 10. cxd5 Nexd5 11. Rd1 Bb7 12. b4 Qe7 13. Rb1 a6 14. Ne5 Rfd8 15.
Nxd5 Nxd5 16. e4 Nf6 17. f3 Nd7 18. Ng4 Nb8 19. Qb2 Nc6 20. Be3 f5 21. Nh6+ Kh8
22. b5 axb5 23. Bxb5 Rf8 24. Qd2 Rad8 25. Bxc6 Bxc6 26. Bg5 Bf6 27. Bxf6+ Qxf6
28. Qc2 Be8 29. Qxc7 Rxd4 30. h4 Rxd1+ 31. Rxd1 Qg7 32. Qc1 Qf6 33. Qc7 Qg7 34.
Qc1 Ba4 35. Rd6 Qe5 36. Rd8 Kg7 37. Rxf8 Kxf8 38. Qc8+ Kg7 39. Qh8+ Kxh8 40.
Nf7+ Kg7 41. Nxe5 fxe4 42. fxe4 Bc2 43. Nd7 b5 44. e5 b4 45. Nc5 Bb1 46. Na6
Bxa2 {Game drawn by mutual agreement} 1/2-1/2

[Event "Team 45 45 League T67"]
[Site "Internet Chess Club"]
[Date "2015.12.24"]
[Round "4"]
[White "Tobiasdelmonte"]
[Black "Portola"]
[Result "1-0"]
[WhiteElo "1810"]
[BlackElo "1743"]
[Opening "QGD: classical variation (5.Bf4)"]
[ECO "D37"]
[Time "10:30:07"]
[TimeControl "2700+45"]

1. d4 d5 2. c4 e6 3. Nf3 Nf6 4. Nc3 Be7 5. Bf4 c6 6. e3 Nbd7 7. Bd3 dxc4 8. Bxc4
O-O 9. O-O Nd5 10. Bg3 N7f6 11. h3 Qa5 12. Qd2 Bb4 13. Bxd5 exd5 14. a3 Bxc3 15.
Qxc3 Qxc3 16. bxc3 Ne4 17. Rac1 Nxg3 18. fxg3 Re8 19. Kf2 Bf5 20. Rfd1 h6 21. c4
Be6 22. c5 Bf5 23. Rc3 Re7 24. Rd2 Rae8 25. Rb2 f6 26. Rcb3 Bc8 27. a4 g5 28. a5
a6 29. g4 Kg7 30. Re2 Kg6 31. Nd2 h5 32. gxh5+ Kxh5 33. g4+ Kg6 34. Kg3 f5 35.
gxf5+ Bxf5 36. Nf3 Rh8 37. h4 gxh4+ 38. Nxh4+ Kg5 39. Nf3+ Kf6 40. Rh2 Rxh2 41.
Kxh2 Be4 42. Ne5 Rg7 43. Rb2 Ke6 44. Kh3 Bf5+ 45. Kh4 Kf6 46. Rb6 Rc7 47. Kg3
Kg5 48. Rb2 Rg7 49. Rh2 Kf6+ 50. Kf4 Be4 51. Rh6+ Ke7 52. Ng4 Rf7+ 53. Kg5 Rf5+
54. Kh4 Rf7 55. Ne5 Rf6 56. Rh8 Rf8 57. Rxf8 Kxf8 58. Kg5 Ke7 59. Ng4 Kf7 60.
Kf4 Ke6 61. Kg5 Ke7 62. Kh6 Bf5 63. Ne5 Kf6 64. Kh5 Be6 65. Nd3 Kf5 66. Nf2 Bf7+
67. Kh4 Bg6 68. Kg3 Bh5 69. Kh4 Be2 70. Kg3 Bh5 71. Nh3 Bf7 72. Nf4 Be8 73. Kf3
Bf7 74. Ke2 Kg4 75. Nd3 Kg3 76. Ne5 Be8 77. Kd3 Kf2 78. e4 Kg3 79. Ke3 Kh4 80.
Kf4 dxe4 81. Kxe4 Kg5 82. Nc4 Kf6 83. Nd6 Bg6+ 84. Kf4 Ke6 85. Nxb7 Kd5 86. Ke3
Kc4 87. Nd8 Kb5 88. Kf4 Bd3 89. Nb7 Bf1 90. Ke5 Bg2 91. Kd6 Bh1 92. Kc7 Bg2 93.
Nd8 Bh1 94. Kd6 Bg2 95. Nb7 Bh1 96. Ke5 Bd5 97. Kf4 Bh1 98. Ke3 Bd5 99. Kf2 Be4
100. Nd6+ Kxa5 101. Nxe4 Kb5 102. Ke3 a5 103. Kd3 Kb4 104. Kc2 Kc4 105. Nd6+
Kxd4 106. Nb7 Kc4 107. Kb2 Kb4 108. Ka2 a4 109. Kb2 a3+ 110. Kc2 Kc4 111. Kb1
a2+ 112. Kxa2 Kb4 113. Kb2 Kc4 114. Ka3 Kb5 115. Kb3 Ka6 116. Nd6 Ka5 117. Kc4
Ka6 118. Kd4 Ka5 119. Kc4 Ka6 120. Nf7 Kb7 121. Kb4 Kc7 122. Ka5 Kb7 123. Ne5
Kc7 124. Ka6 {Black resigns} 1-0

[Event "Team 45 45 League T67"]
[Site "Internet Chess Club"]
[Date "2016.01.01"]
[Round "4"]
[White "gump12345"]
[Black "NFork"]
[Result "1/2-1/2"]
[WhiteElo "1991"]
[BlackElo "2155"]
[Opening "Caro-Kann: advance variation"]
[ECO "B12"]
[Time "12:08:30"]
[TimeControl "2700+45"]

1. e4 c6 2. d4 d5 3. e5 c5 4. dxc5 e6 5. Be3 Ne7 6. Nf3 Nf5 7. Bd4 Qa5+ 8. c3
Nxd4 9. Nxd4 Qc7 10. f4 Bxc5 11. Nd2 Bxd4 12. cxd4 Qb6 13. Nb3 Bd7 14. Bd3 Nc6
15. Be2 a5 16. O-O a4 17. Nc5 Qxb2 18. Rb1 Qxd4+ 19. Qxd4 Nxd4 20. Bd3 Bc8 21.
Nxb7 Bxb7 22. Rxb7 O-O 23. Rc1 Rfb8 24. Rcc7 Rxb7 25. Rxb7 g6 26. Kf2 a3 27. Ke3
Nf5+ 28. Bxf5 gxf5 29. Kd3 Ra4 30. g3 Kg7 31. Rb3 Kg6 32. h3 Ra6 33. Rc3 h5 34.
h4 f6 35. exf6 Kxf6 36. Rc8 Ra7 37. Kd4 Ra4+ 38. Kd3 Re4 39. Ra8 d4 40. Rg8 Re3+
41. Kxd4 Re2 42. Kc3 Kf7 43. Rg5 Kf6 44. Kb3 Re3+ 45. Kb4 Ke7 46. Rg6 Kd7 47.
Rg5 Kd6 48. Rg8 Kd5 49. Rg6 Kd4 50. Rh6 Kd5 51. Rg6 Rd3 52. Ka4 Rf3 53. Kb4 Re3
54. Ka4 e5 55. fxe5 Kxe5 56. Rg5 Ke4 57. Rxh5 Rxg3 58. Rh8 f4 59. Re8+ Kf5 60.
h5 Rh3 61. Rf8+ Ke4 62. Re8+ Kf5 63. Rf8+ Kg4 64. h6 Rxh6 65. Kxa3 f3 66. Kb4
Rb6+ 67. Kc3 Ra6 68. Kd2 Re6 69. Kd3 Kg3 70. a4 Ra6 71. Ke3 Re6+ 72. Kd3 f2 73.
a5 Re1 74. Rxf2 Kxf2 75. Kc4 Ke3 76. a6 Ra1 77. Kb5 Kd4 78. Kb6 Kd5 79. a7 Kd6
80. Kb7 Rb1+ 81. Kc8 Ra1 82. Kb7 Rxa7+ 83. Kxa7 {Game drawn because neither
player has mating material} 1/2-1/2

[Event "Team 45 45 League T67"]
[Site "Internet Chess Club"]
[Date "2016.01.02"]
[Round "4"]
[White "spand42"]
[Black "xwang1"]
[Result "0-1"]
[WhiteElo "2040"]
[BlackElo "2118"]
[Opening "Ruy Lopez: Berlin defense, open variation"]
[ECO "C67"]
[Time "11:10:37"]
[TimeControl "2700+45"]

1. e4 e5 2. Nf3 Nc6 3. Bb5 Nf6 4. O-O Nxe4 5. d4 Nd6 6. Bxc6 dxc6 7. dxe5 Nf5 8.
Qxd8+ Kxd8 9. h3 Bd7 10. Rd1 Be7 11. g4 Nh4 12. Nxh4 Bxh4 13. Nc3 Kc8 14. Ne4
Be7 15. Bg5 Bxg5 16. Nxg5 h6 17. Nxf7 Re8 18. f4 Rf8 19. Nxh6 gxh6 20. f5 Re8
21. e6 Bxe6 22. fxe6 Rxe6 23. Kf2 b6 24. Re1 Rf6+ 25. Kg3 Kb7 26. Re2 Raf8 27.
Rae1 c5 28. Re6 Rf2 29. R1e2 R8f3+ 30. Kh4 c4 31. Rxf2 Rxf2 32. Kh5 Rxc2 33.
Kxh6 Rxb2 34. g5 c3 35. Re1 Rxa2 36. g6 Rh2 37. Rg1 Rxh3+ 38. Kg7 b5 39. Kf7 Kc6
40. g7 Rh7 41. Kf6 Rxg7 42. Rxg7 b4 43. Ke5 c2 {White resigns} 0-1

[Event "Team 45 45 League T67"]
[Site "Internet Chess Club"]
[Date "2015.12.29"]
[Round "4"]
[White "chessfunblast"]
[Black "gtmorton"]
[Result "0-1"]
[WhiteElo "1966"]
[BlackElo "2069"]
[Opening "Sicilian: Hungarian variation"]
[ECO "B34"]
[Time "14:00:24"]
[TimeControl "2700+45"]

1. e4 c5 2. Nf3 g6 3. d4 cxd4 4. Nxd4 Bg7 5. Nc3 Nc6 6. Be3 Nf6 7. Qd2 O-O 8.
Bc4 Ng4 9. Nxc6 bxc6 10. Bg5 d6 11. f3 Ne5 12. Bb3 Ba6 13. O-O-O Rb8 14. h4 h5
15. f4 Ng4 16. f5 Kh7 17. Rh3 Be5 18. Rf3 Qc7 19. fxg6+ fxg6 20. Rh1 Qd7 21.
Rhh3 Nh2 22. Rf2 Ng4 23. Rxf8 Rxf8 24. Rf3 Nf6 25. Bf4 Bxc3 26. Qxc3 Nxe4 27.
Qa5 Be2 28. Re3 Rxf4 29. Rxe2 Rf1+ 30. Re1 Qf5 31. Bc4 Qxa5 32. Rxf1 Qd2+ 33.
Kb1 Qxg2 {White resigns} 0-1